 Dungeon Crawl Stone Soup version 0.31.0-1-g2c135a0 (webtiles) character file.

Game seed: 2349140866424169183

16 PhillyD the Vexing (level 2, -1/21 HPs)
             Began as a Barachi Hexslinger on Jan 20, 2024.
             Was an Initiate of Ru.
             Slain by a ribbon worm (3 damage)
             ... on level 2 of the Dungeon.
             The game lasted 00:03:01 (587 turns).

PhillyD the Vexing (Barachi Hexslinger)              Turns: 587, Time: 00:03:01

Health: -1/21      AC:  3    Str:  9    XL:     2   Next: 58%
Magic:  4/4        EV: 11    Int: 13    God:    Ru [......]
Gold:   78         SH:  0    Dex: 14    Spells: 3/3 levels left

rFire   + . .        a - +1 sling
rCold   + . .        (no shield)
rNeg    . . .        c - +0 robe
rPois   .            j - +0 helmet
rElec   .            i - scarf {rC+ rF+}
rCorr   +            (no gloves)
SInv    .            (no boots)
Will    .....        (no amulet)
Stlth   +            e - +5 ring of evasion
HPRegen 0.23/turn    k - ring of resist corrosion
MPRegen 0.09/turn

%: no passive effects
@: attractive, held, slow
A: amphibious, slowness 1, strong legs 1, +LOS
a: Hop, Renounce Religion


You were on level 2 of the Dungeon.
You worshipped Ru.
Ru was noncommittal.
You visited 1 branch of the dungeon, and saw 2 of its levels.

You collected 78 gold pieces.

Inventory:

Hand Weapons
 a - a +1 sling (weapon)
Armour
 c - a +0 robe (worn)
 i - a scarf of resistance (worn)
 j - a +0 helmet (worn)
Jewellery
 e - a +5 ring of evasion (left hand)
 k - a ring of resist corrosion (right hand)
Scrolls
 b - a scroll of poison
Potions
 f - a potion of enlightenment {unknown}
 g - a potion of resistance {unknown}
 h - a potion of degeneration {unknown}


   Skills:
 + Level 1.5 Fighting
 * Level 2.2 Ranged Weapons
 + Level 0.0 Armour
 + Level 2.3 Dodging
 + Level 1.3 Spellcasting
 + Level 3.5 Hexes
 - Level 1.3 Fire Magic


You had 3 spell levels left.
You didn't know any spells.
Your spell library contained the following spells:

 Spells                   Type           Power      Damage    Failure   Level
 Jinxbite                 Hex            20%        N/A       10%         2
 Sigil of Binding         Hex            10%        N/A       19%         3
 Inner Flame              Hex/Fire       7%         N/A       30%         3
 Blink                    Tloc           0%         N/A       38%         2
 Lesser Beckoning         Tloc           0%         N/A       38%         2
 Momentum Strike          Conj/Tloc      0%         3d8       38%         2
 Cause Fear               Hex            5%         N/A       54%         4
 Dimensional Bullseye     Hex/Tloc       2%         N/A       78%         4
 Alistair's Intoxication  Alch           0%         N/A       100%        5
 Borgnjor's Vile Clutch   Necr/Erth      0%         N/A       100%        5
 Eringya's Noxious Bog    Alch           0%         4d6       100%        6


Dungeon Overview and Level Annotations

Branches:
Dungeon (2/15)

Altars:
Ru


Innate Abilities, Weirdness & Mutations

You are amphibious.
You cover ground slowly.
You can hop short distances.
You have an extended range of vision and can be seen from far away.


Message History

You see here a +0 dagger.
A rat comes into view.
The rat squeaks loudly.
You shoot a sling bullet.
The sling bullet closely misses the rat.
You shoot a sling bullet. The sling bullet hits the rat.
You kill the rat!
No target in view!
You open the door.
A ribbon worm comes into view.
You shoot a sling bullet.
The sling bullet barely misses the ribbon worm.
You shoot a sling bullet. The sling bullet hits the ribbon worm.
The ribbon worm is lightly wounded.
The ribbon worm expels a string of sticky webbing.
The stream of webbing misses you.
You shoot a sling bullet. The sling bullet hits the ribbon worm.
The ribbon worm is moderately wounded.
The ribbon worm bites you.
You shoot a sling bullet. The sling bullet hits the ribbon worm.
The ribbon worm is moderately wounded.
The ribbon worm bites you!
You are too injured to fight recklessly!
You are too injured to fight recklessly!
You shoot a sling bullet.
The sling bullet completely misses the ribbon worm.
The ribbon worm bites you.
You shoot a sling bullet. The sling bullet hits the ribbon worm.
The ribbon worm is moderately wounded.
The ribbon worm bites you!
* * * LOW HITPOINT WARNING * * *
You shoot a sling bullet. The sling bullet hits the ribbon worm.
The ribbon worm is moderately wounded.
The ribbon worm expels a string of sticky webbing.
The stream of webbing hits you but does no damage.
You are caught in a web!
It was a potion of attraction.
You feel attractive to monsters. The ribbon worm bites you.
You die...

###.##.###.......## ##.##.#
#####................####...#.#
.....................+........#
###...<...##.........####...#.#
#.##.#### ....... ##.##.# #.
#.# ..... ####.## # #.# ...
#.#.# #.. #w# ##.## .## #@# #.#
. #.# #.# . ##.## #.# .
######...## #.#
...........##########.#
###...................#
#.#.##.############## # #....#
####.#


You could see a ribbon worm (catching breath).

Vanquished Creatures
  A dart slug (D:1)
  An endoplasm (D:1)
  A goblin (D:1)
  A hobgoblin (D:1)
  A kobold (D:1)
  2 quokkas (D:1)
  3 bats (D:1)
  A frilled lizard (D:1)
  3 rats
14 creatures vanquished.

Notes
Turn   | Place    | Note
-------+----------+-------------------------------------------
     0 | D:1      | PhillyD the Barachi Hexslinger began the quest for the Orb.
     0 | D:1      | Reached XP level 1. HP: 15/15 MP: 2/2
   133 | D:1      | Reached XP level 2. HP: 21/21 MP: 3/3
   207 | D:1      | Found a faded altar of an unknown god.
   443 | D:1      | Prayed at the altar of an unknown god.
   443 | D:1      | Became a worshipper of Ru the Awakened
   585 | D:2      | HP: 1/21 [ribbon worm (7)]
   587 | D:2      | Slain by a ribbon worm

Illustrated notes

Levels and vault maps discovered:
D:1:      scummos_arrival_simple_fountains, layout_rooms,
          hellmonk_ecumenical_altar_heavens_door
D:2:      layout_loops_corners, basic_altar, uniq_sigmund

Action                     || total
---------------------------++-------
   Fire: Sling             ||    53
 Invoke: Reject Sacrifices ||     1
    Use: Potion            ||     1
 Armour: Robe              ||    13
  Dodge: Dodged            ||    18
